 Dungeon Crawl Stone Soup version 0.26.1-11-gd32895ea62 (webtiles) character file.

Game seed: 1896192423918608899

721 nothank2 the Digger (level 7, -13/36 HPs)
             Began as a Gargoyle Earth Elementalist on July 9, 2021.
             Was a Follower of Vehumet.
             Killed from afar by Maggie (39 damage)
             ... with a bolt of fire
             ... on level 6 of the Dungeon.
             The game lasted 00:14:51 (5841 turns).

nothank2 the Digger (Gargoyle Earth Elementalist)   Turns: 5841, Time: 00:14:52

Health: -13/36     AC:  9    Str: 11    XL:     7   Next: 70%
Magic:  7/13       EV: 12    Int: 24    God:    Vehumet [*.....]
Gold:   134        SH:  0    Dex: 10    Spells: 5/14 levels left

rFire    x . .     SeeInvis .   c - +0 rapier
rCold    + . .     Faith    .   (no shield)
rNeg     + + .     Spirit   .   u - +0 robe {rN+}
rPois    ∞         Reflect  .   (no helmet)
rElec    +         Harm     .   (no cloak)
rCorr    .         Rampage  .   z - +1 pair of gloves
Will     .....                  t - +0 pair of boots
Stlth    ++........             (no amulet)
HPRegen  0.12/turn              o - +6 ring of intelligence
MPRegen  0.13/turn              x - ring of ice

@: no status effects
A: negative energy resistance 1, electricity resistance, unbreathing,
petrification resistance, miasma immunity, AC +4
a: Renounce Religion


You were on level 6 of the Dungeon.
You worshipped Vehumet.
Vehumet was aware of your devotion.
You visited 2 branches of the dungeon, and saw 7 of its levels.

You collected 218 gold pieces.
You spent 84 gold pieces at shops.

Inventory:

Hand Weapons
 c - a +0 rapier (weapon)
 A - a +0 mace
Missiles
 b - 55 stones
 k - 46 poisoned darts
Armour
 t - a +0 pair of boots (worn)
 u - a +0 robe of positive energy (worn)
 z - a +1 pair of gloves (worn)
Magical Staves
 m - an uncursed staff of cold
Jewellery
 e - a +6 ring of intelligence
 o - a +6 ring of intelligence (left hand)
 x - a ring of ice (right hand)
Wands
 v - a wand of polymorph (12)
Scrolls
 a - 2 scrolls of teleportation
 d - 2 scrolls of identify
 g - 3 scrolls of remove curse
 h - 3 scrolls of random uselessness
 i - a scroll of fear
 j - a scroll of blinking
 w - a scroll of silence {unknown}
 y - a scroll of magic mapping
Potions
 f - a potion of lignification {unknown}
 l - 2 potions of heal wounds {unknown}
 n - a potion of cancellation {unknown}
 p - a potion of attraction {unknown}
 q - 2 potions of haste
 r - 3 potions of curing
 s - a potion of brilliance {unknown}


   Skills:
 - Level 1.5 Dodging
 - Level 2.1 Stealth
 - Level 4.1 Spellcasting
 + Level 3.4 Conjurations
 - Level 3.0 Transmutations
 + Level 7.0 Earth Magic


You had 5 spell levels left.
You knew the following spells:

 Your Spells              Type           Power        Failure   Level
a - Sandblast             Erth           76%          1%          1
b - Stone Arrow           Conj/Erth      60%          3%          3
c - Lee's Rapid Deconstr  Erth           19%          14%         5

Your spell library contained the following spells:

 Spells                   Type           Power        Failure   Level
 Freeze                   Ice            28%          10%         1
 Passwall                 Tmut/Erth      24%          1%          2
 Petrify                  Tmut/Erth      29%          12%         4


Dungeon Overview and Level Annotations

Branches:
Dungeon (6/15)             Temple (1/1) D:4

Altars:
Elyvilon
Fedhas
Qazlal
Ru
Sif Muna
Trog
Vehumet

Shops:
D:5 [(**

Annotations:
D:6 Maggie


Innate Abilities, Weirdness & Mutations

You are resistant to torment.
Your stone body is resilient. (AC +4)
You are immune to poison.
You resist negative energy. (rN+)
You are resistant to electric shocks. (rElec)
You can survive without breathing.
You are immune to petrification.
You are immune to miasma.


Message History

The blast of sand hits Maggie but does no damage.
Maggie is lightly wounded.
Maggie barely misses you.
The hound stops to sniff the ground.
The blast of sand hits Maggie but does no damage.
Maggie is lightly wounded.
Maggie hits you with a +0 war axe.
The blast of sand hits Maggie!
Maggie is moderately wounded.
Maggie zaps a wand.
The puff of flame misses you. The hound bites you.
The blast of sand hits Maggie.
Maggie is moderately wounded.
Maggie gestures wildly while chanting.
Maggie attempts to bespell you! You resist with almost no effort.
The hound bites you but does no damage.
The blast of sand misses Maggie.
The hound bites you. Maggie gestures at you while chanting.
The bolt of fire hits you!!! The fire burns you terribly!
Ouch! That really hurt!
You die...

###..
##.########......
.......(.@@.###
#.....<..h..)...
###......#####..
#.####.# # #.#
#.# #.. ###


You could see Maggie and a hound.

Vanquished Creatures
  An ogre (D:4)
  A water moccasin zombie (D:5)
  A howler monkey (D:5)
  An orc priest (D:5)
  2 bullfrog skeletons (D:5)
  4 orc wizards
  A centaur skeleton (D:5)
  Jessica (D:2)
  An iguana (D:4)
  3 worker ants (D:5)
  4 adders (D:3)
  2 ufetubi (D:5)
  2 oozes (D:3)
  5 worms
  2 dart slugs (D:1)
  2 leopard geckos (D:1)
  14 orcs
  15 giant cockroaches
  8 goblins
  8 hobgoblins
  6 jackals
  4 quokkas
  A ball python (D:2)
  3 bats
  5 frilled lizards
  9 kobolds
  A quokka zombie (D:5)
  11 rats
118 creatures vanquished.

Vanquished Creatures (others)
  8 plants (D:1)
8 creatures vanquished.

Grand Total: 126 creatures vanquished

Notes
Turn   | Place    | Note
-------+----------+-------------------------------------------
     0 | D:1      | nothank2 the Gargoyle Earth Elementalist began the quest
                  | for the Orb.
     0 | D:1      | Reached XP level 1. HP: 10/10 MP: 3/3
   193 | D:1      | Reached skill level 1 in Transmutations
   311 | D:1      | Reached XP level 2. HP: 15/15 MP: 5/5
   347 | D:1      | Reached skill level 4 in Earth Magic
   819 | D:1      | Reached XP level 3. HP: 16/19 MP: 6/6
  1657 | D:2      | Learned a level 3 spell: Stone Arrow
  2067 | D:2      | Noticed Jessica
  2071 | D:2      | Killed Jessica
  2072 | D:2      | Reached XP level 4. HP: 24/24 MP: 5/8
  2743 | D:3      | Reached XP level 5. HP: 27/28 MP: 9/9
  2870 | D:3      | Reached skill level 5 in Earth Magic
  3386 | D:3      | Found a sacrificial altar of Ru.
  3750 | D:4      | Found a staircase to the Ecumenical Temple.
  3760 | Temple   | Entered the Ecumenical Temple
  3782 | Temple   | Became a worshipper of Vehumet
  3826 | D:4      | Reached XP level 6. HP: 30/32 MP: 3/11
  4526 | D:5      | Entered Level 5 of the Dungeon
  4736 | D:5      | Reached skill level 1 in Conjurations
  4859 | D:5      | Found Xuqoaty's Armour Emporium.
  4873 | D:4      | Reached skill level 6 in Earth Magic
  4873 | D:4      | Reached XP level 7. HP: 6/36 MP: 7/13
  5122 | D:4      | Learned a level 5 spell: Lee's Rapid Deconstruction
  5234 | D:5      | Found Riecuore's General Store.
  5249 | D:5      | Found Fyhe's Assorted Antiques.
  5268 | D:5      | Bought a potion of curing for 39 gold pieces
  5268 | D:5      | Bought a scroll of magic mapping for 45 gold pieces
  5544 | D:5      | Reached * piety under Vehumet
  5544 | D:5      | Offered knowledge of Freeze by Vehumet.
  5607 | D:5      | Found Nujiudul's Antique Weapon Shop.
  5633 | D:5      | Reached skill level 7 in Earth Magic
  5833 | D:6      | Noticed Maggie
  5841 | D:6      | Killed from afar by Maggie

Illustrated notes

Levels and vault maps discovered:
D:1:      minmay_arrival_loop, layout_loops_ring, lexackson_kobold_supper
D:2:      layout_loops_ring, chequers_serial_rivers_micro_a, uniq_jessica
D:3:      minmay_roachtagon, layout_basic, marbit_many_paths, uniq_robin
D:4:      layout_basic, minmay_temple_entry_drinking_statues
D:5:      layout_cave_pools, serial_shops, nicolae_shop_crystal,
          nicolae_shop_waterfront, nicolae_shop_trees, nicolae_shop_waterfront
D:6:      layout_loops_ring, serial_shops, nicolae_shop_trees,
          portal_sewer_entry_e, uniq_maggie
Temple:   regret_index_temple_mists

Skill      XL: |  1  2  3  4  5  6  7 |
---------------+----------------------+-----
Transmutations | 1 2 3 |  3.0
Earth Magic    | 4 5 6 7 |  7.0
Spellcasting   | 3 4 |  4.1
Conjurations   | 1 3 |  3.4
Dodging        | |  1.5
Stealth        | |  2.1

Action                   |  1- 3 |  4- 6 |  7- 9 || total
-------------------------+-------+-------+-------++-------
Melee: Hand axe          |    95 |   122 |       ||   217
       Rapier            |       |    31 |    51 ||    82
       Whip              |       |     4 |       ||     4
 Cast: Sandblast         |    20 |    64 |    25 ||   109
  Use: Scroll            |       |     9 |       ||     9
 Stab: Sleeping          |     2 |     4 |       ||     6
Armor: Robe              |    25 |    99 |    36 ||   160
Dodge: Dodged            |    67 |   156 |    87 ||   310
